[Event "Early-Titled-Tuesday-Blitz-April-16-2024"]
[Site "Chess.com"]
[Date "2024.04.16"]
[Round "6"]
[White "stratacticos"]
[Black "laiciffOneslraCsungaM"]
[Result "0-1"]
[WhiteElo "1877"]
[BlackElo "2329"]
[TimeControl "180+1"]
[EndTime "9:07:11 PDT"]
[Termination "laiciffOneslraCsungaM won by resignation"]

1. b4 Nf6 2. Bb2 e6 3. a3 Be7 4. c4 O-O 5. Nf3 b6 6. e3 Bb7 7. d4 d5 8. Nc3 Nbd7 9. c5 Ne4 10. Nxe4 dxe4 11. Nd2 f5 12. Qb3 Bd5 13. Bc4 c6 14. b5 bxc5 15. bxc6 Nb6 16. dxc5 Nxc4 17. Nxc4 Rb8 18.
Qc3 Bf6 19. Ne5 Qc7 20. O-O Rxb2 21. Qxb2 Bxe5 22. Qc1 Bxa1 23. Qxa1 Qxc6 24. Qd4 Rb8 25. Qe5 Rc8 26. Rc1 Qa4 27. h4 Qxa3 28. Rd1 Qxc5 29. h5 h6 30. Rb1 a5 31. Ra1 Qc3 32. Qxc3 Rxc3 33. Rxa5 Kf7 34. g4 fxg4 35. Kg2 Kf6 36.
Kg3 Rc2 37. Ra7 Rb2 38. Rc7 Rb7 39. Rc8 Kg5 0-1

[Event "Early-Titled-Tuesday-Blitz-April-16-2024"]
[Site "Chess.com"]
[Date "2024.04.16"]
[Round "6"]
[White "amintabatabaei"]
[Black "JSPrepz"]
[Result "1-0"]
[WhiteElo "3043"]
[BlackElo "2820"]
[TimeControl "180+1"]
[EndTime "9:07:14 PDT"]
[Termination "amintabatabaei won by checkmate"]

1. Nf3 c5 2. g3 g6 3. Bg2 Bg7 4. O-O Nc6 5. d3 d6 6. e4 e6 7. a4 Nge7 8. Nfd2 O-O 9. f4 Rb8 10. Kh1 a6 11. Nf3 b5 12. axb5 axb5 13. Nc3 b4 14.
Ne2 d5 15. e5 f6 16. exf6 Bxf6 17. g4 Bg7 18. Ng3 e5 19. Nxe5 Nxe5 20. fxe5 Rxf1+ 21. Qxf1 Bxe5 22. Bf4 Qd6 23. Bxe5 Qxe5 24. Re1 Qd6 25. Qe2 Kf8 26. Qf3+ Kg8 27. Qe3 Nc6 28. Qg5 Bb7 29. Nf5 Qd7 30. Ne7+ Nxe7 31. Rxe7 Qd8 32. Qf6 Qf8 33. Qe6+ Kh8 34. Qe5+ Kg8 35. Rxb7 Rxb7 36. Bxd5+ Rf7 37. Qf6 Qe8 38. Bxf7+ Qxf7 39. Qxf7+ Kxf7 40. Kg2 Kf6 41. Kf3 Ke5 42. Ke3 Kd5 43. c3 h5 44.
gxh5 gxh5 45. cxb4 cxb4 46. d4 Kc4 47. h4 Kb3 48. d5 Kxb2 49. d6 b3 50. d7 Ka1 51.
d8=Q b2 52. Qa5+ Kb1 53. Kd3 Kc1 54. Qe1# 1-0

[Event "Early-Titled-Tuesday-Blitz-April-16-2024"]
[Site "Chess.com"]
[Date "2024.04.16"]
[Round "6"]
[White "Daaksboy"]
[Black "GMCarbone"]
[Result "1-0"]
[WhiteElo "2295"]
[BlackElo "2584"]
[TimeControl "180+1"]
[EndTime "9:07:14 PDT"]
[Termination "Daaksboy won by resignation"]

1. d4 Nf6 2. c4 g6 3. Nc3 d5 4.
cxd5 Nxd5 5. e4 Nxc3 6. bxc3 Bg7 7. Nf3 c5 8. Bb5+ Nc6 9. Rb1 a6 10. Bxc6+ bxc6 11. O-O O-O 12. h3 Qa5 13. Qc2 Be6 14. Bg5 Rfe8 15. a4 Rac8 16. Rfd1 cxd4 17. cxd4 c5 18. d5 Bd7 19. e5 Bxa4 20. Qa2 c4 21. d6 exd6 22. exd6 Qc5 23. Qxa4 f6 24. d7 fxg5 25.
dxe8=Q+ 1-0

[Event "Early-Titled-Tuesday-Blitz-April-16-2024"]
[Site "Chess.com"]
[Date "2024.04.16"]
[Round "6"]
[White "axelfalke"]
[Black "mertfelin"]
[Result "0-1"]
[WhiteElo "2471"]
[BlackElo "2239"]
[TimeControl "180+1"]
[EndTime "9:07:14 PDT"]
[Termination "mertfelin won by checkmate"]

1. e4 e5 2. Nf3 Nc6 3. Bc4 Bc5 4. c3 Nf6 5. d3 h6 6. O-O O-O 7. Re1 a6 8. a4 d6 9. h3 Ne7 10. Nbd2 Ng6 11. Nf1 c6 12. Bb3 Bb6 13. Ng3 d5 14. exd5 Nxd5 15. a5 Bc7 16. d4 exd4 17. Nxd4 Bd7 18.
Ngf5 Ndf4 19. Bxf4 Bxf4 20. Qg4 Bg5 21. f4 c5 22. fxg5 cxd4 23. gxh6 Qf6 24. hxg7 Rfd8 25. Qxg6 Qxg6 26. Ne7+ Kxg7 27. Nxg6 fxg6 28. Re7+ Kf6 29. Rf7+ Kg5 30. cxd4 Bf5 31. g4 Be4 32. d5 Rh8 33.
Kh2 Rae8 34. Raf1 Bd3 35. R1f3 Re2+ 36. Kg3 Be4 37. Rc3 Rg2# 0-1

[Event "Early-Titled-Tuesday-Blitz-April-16-2024"]
[Site "Chess.com"]
[Date "2024.04.16"]
[Round "6"]
[White "sorch29"]
[Black "schachlana"]
[Result "0-1"]
[WhiteElo "2454"]
[BlackElo "2319"]
[TimeControl "180+1"]
[EndTime "9:07:16 PDT"]
[Termination "schachlana won by resignation"]

1. g3 g6 2. Bg2 Bg7 3. d4 d5 4. Nf3 c6 5. O-O Nf6 6. c4 O-O 7. cxd5 cxd5 8. Ne5 Nc6 9. Nxc6 bxc6 10. Nc3 Ba6 11.
Na4 Nd7 12. Qc2 Bxd4 13. Qxc6 Bxe2 14. Re1 Bc4 15. Bxd5 Rc8 16. Qxc4 Rxc4 17. Bxc4 Qa5 18.
Rd1 Qxa4 19. Rxd4 Qc6 20. Bd5 Qb6 21. Be3 Qxb2 22. Rad1 Nf6 23. R4d2 Qa3 24. Bb3 Ng4 25. Bg5 h6 26. Be3 Nxe3 27. fxe3 Qc5 28. Re1 e6 29. Kf2 Rc8 30. Red1 Qf5+ 31. Kg2 Qe4+ 32. Kf2 Rc3 33. Re2 Kg7 34. Rd4 Qf5+ 35. Kg2 Rc1 36. Rd1 Rxd1 37. Bxd1 Qd3 38. Re1 Qd2+ 39. Kf1 Qxh2 40.
Bb3 Qxg3 41. Ke2 h5 0-1

[Event "Early-Titled-Tuesday-Blitz-April-16-2024"]
[Site "Chess.com"]
[Date "2024.04.16"]
[Round "6"]
[White "FREZZY23"]
[Black "Trendle"]
[Result "0-1"]
[WhiteElo "2438"]
[BlackElo "2617"]
[TimeControl "180+1"]
[EndTime "9:07:17 PDT"]
[Termination "Trendle won by resignation"]

1. Nf3 d6 2. g3 f5 3. Bg2 Nf6 4.
O-O g6 5. c4 Bg7 6. d4 O-O 7. Nc3 c6 8. Re1 a5 9. e4 fxe4 10.
Nxe4 Nxe4 11. Rxe4 Bf5 12. Re1 Na6 13. Bg5 Rf7 14.
Qe2 Qd7 15. Rad1 Raf8 16. d5 Bg4 17. Rd3 cxd5 18. cxd5 Nb4 19. Rb3 Nxd5 20. Qc4 Nf6 21. Nd4 d5 22. Qb5 Ne4 23. Qxd7 Bxd7 24. Be3 e5 25.
Nc2 Bc6 26. f3 Nd6 27. Bc5 Rd8 28. Ne3 d4 29. Ng4 Nc4 30. Rc1 Nd2 31. Rd3 Nxf3+ 32.
Kh1 e4 33. Rb3 e3 34. Bb6 Re8 35. Bxa5 e2 36. Be1 Nxe1 37. Rxe1 Rf1+ 0-1

[Event "Early-Titled-Tuesday-Blitz-April-16-2024"]
[Site "Chess.com"]
[Date "2024.04.16"]
[Round "6"]
[White "HighLawView"]
[Black "amylazy"]
[Result "0-1"]
[WhiteElo "2122"]
[BlackElo "2434"]
[TimeControl "180+1"]
[EndTime "9:07:17 PDT"]
[Termination "amylazy won by resignation"]

1. e4 c5 2. b4 cxb4 3. a3 e5 4. axb4 Bxb4 5. c3 Be7 6. Nf3 d6 7. d4 Nf6 8. dxe5 dxe5 9. Qb3 O-O 10. Nbd2 Nc6 11. Bb5 Bg4 12. O-O Bxf3 13. Nxf3 Nxe4 14.
Bxc6 bxc6 15. Nxe5 Qc7 16. Bf4 Bd6 17. Rfe1 Bxe5 18. Bxe5 Qxe5 19. Qa4 f5 20. Qc4+ Qd5 21.
Qb4 Rfb8 22. Qe7 Qf7 23. Qe5 Re8 24. Qf4 Nxc3 25. Qf3 Ne4 26. h4 h6 27. Rac1 Qd5 28.
Qh5 Nf6 29. Qg6 Rxe1+ 30. Rxe1 Ne4 31. f3 Qc5+ 32. Kh2 Qd6+ 33. Qxd6 Nxd6 34. Re6 Rd8 35.
Re7 a5 0-1

[Event "Early-Titled-Tuesday-Blitz-April-16-2024"]
[Site "Chess.com"]
[Date "2024.04.16"]
[Round "6"]
[White "KnightDuta"]
[Black "bazar-wokzal"]
[Result "1-0"]
[WhiteElo "2740"]
[BlackElo "2576"]
[TimeControl "180+1"]
[EndTime "9:07:19 PDT"]
[Termination "KnightDuta won by resignation"]

1. e4 Nc6 2. Nf3 d5 3. exd5 Qxd5 4. Nc3 Qa5 5. d4 Bg4 6. d5 O-O-O 7. Bd2 Nb4 8. Bc4 Bxf3 9. gxf3 Nf6 10. a3 Qc5 11. axb4 Qxc4 12. Rxa7 Nxd5 13. Ra8+ Kd7 14. Rxd8+ Kxd8 15. Bg5 c6 16. b5 f6 17. bxc6 bxc6 18. Bd2 e5 19. Qa1 Kd7 20. Qa7+ Ke6 21. Qa8 Nxc3 22. Bxc3 Kf7 23. Qb7+ Be7 24. Rg1 g6 25. Rg4 Qb5 26. Rb4 Qxb7 27. Rxb7 Ke6 28. Rc7 Kd6 29. Ra7 Rb8 30. Ke2 h5 31. Kd3 Rb5 32. Kc4 Rc5+ 33. Kd3 Ke6 34. Rxe7+ Kxe7 35. Bb4 Kd6 36. c4 f5 37. Ba3 g5 38. Ke3 1-0

[Event "Early-Titled-Tuesday-Blitz-April-16-2024"]
[Site "Chess.com"]
[Date "2024.04.16"]
[Round "6"]
[White "snowlord"]
[Black "AlexKhripachenko"]
[Result "1-0"]
[WhiteElo "2962"]
[BlackElo "2831"]
[TimeControl "180+1"]
[EndTime "9:07:20 PDT"]
[Termination "snowlord won by resignation"]

1. d4 d5 2. Bf4 c5 3. e3 Nc6 4.
Nf3 Nf6 5. Nbd2 e6 6. c3 Nh5 7.
Bg3 Nxg3 8. hxg3 g6 9. Bd3 Qb6 10. Rb1 Bg7 11. dxc5 Qxc5 12. e4 O-O 13. O-O dxe4 14.
Bxe4 Bd7 15. Nb3 Qe7 16. g4 Rfd8 17. Qe2 h6 18. Qe3 Rac8 19. Rfd1 b6 20. Rd2 Be8 21. Rbd1 Rxd2 22. Rxd2 Qc7 23. g5 hxg5 24. Qxg5 Ne5 25.
Nxe5 Bxe5 26. g3 a5 27. Nd4 Kg7 28. Bxg6 Bf6 29. Qg4 Kf8 30. Bxf7 Bxf7 31. Nxe6+ Bxe6 32. Qxe6 Be7 33. Rd7 Qc5 34. Rxe7 1-0

[Event "Early-Titled-Tuesday-Blitz-April-16-2024"]
[Site "Chess.com"]
[Date "2024.04.16"]
[Round "6"]
[White "XDPS"]
[Black "Grossboss19"]
[Result "0-1"]
[WhiteElo "2839"]
[BlackElo "2605"]
[TimeControl "180+1"]
[EndTime "9:07:21 PDT"]
[Termination "Grossboss19 won on time"]

1. Nf3 d5 2. b3 Nf6 3. Bb2 c5 4. g3 Nc6 5. Bg2 e6 6. O-O Bd6 7. d3 O-O 8. Nbd2 a6 9. e4 d4 10. h3 e5 11. Nh4 Re8 12. Kh2 b5 13. a4 Bd7 14. Nf5 Bf8 15. Nf3 Nb4 16. Ng1 Rc8 17. axb5 axb5 18. Ne2 c4 19. f4 cxd3 20. cxd3 Bxf5 21.
exf5 Nc2 22. fxe5 Rxe5 23. Rf4 Ne3 24. Qg1 Nxg2 25. Rxd4 Qe8 0-1

[Event "Early-Titled-Tuesday-Blitz-April-16-2024"]
[Site "Chess.com"]
[Date "2024.04.16"]
[Round "6"]
[White "MikhailBLR"]
[Black "lrjchess"]
[Result "0-1"]
[WhiteElo "2320"]
[BlackElo "2474"]
[TimeControl "180+1"]
[EndTime "9:07:21 PDT"]
[Termination "lrjchess won on time"]

1. e4 c5 2. Nf3 g6 3. d4 cxd4 4. Nxd4 Bg7 5. Nc3 Nc6 6. Be3 Nf6 7. Bc4 Qa5 8. Bb3 Nxe4 9. Qd3 Nxc3 10. bxc3 O-O 11.
O-O d6 12. Rad1 Ne5 13. Qd2 Ng4 14. Bg5 Bf6 15. Bxf6 Nxf6 16. Rfe1 e6 17. Qf4 Ne8 18. Qf3 Kg7 19. h3 Qc5 20. c4 a6 21. Ne2 Rb8 22. Ng3 f5 23. Qf4 e5 24. Qg5 Nf6 25. h4 h6 26. Qd2 Ne8 27. Ne2 Be6 28. Nc3 Bxc4 29. Bxc4 Qxc4 30. Nd5 Qxh4 0-1

[Event "Early-Titled-Tuesday-Blitz-April-16-2024"]
[Site "Chess.com"]
[Date "2024.04.16"]
[Round "6"]
[White "TheoSlade"]
[Black "Sanyura"]
[Result "1-0"]
[WhiteElo "2389"]
[BlackElo "2587"]
[TimeControl "180+1"]
[EndTime "9:07:22 PDT"]
[Termination "TheoSlade won by checkmate"]

1. d4 Nf6 2. c4 g6 3. Nc3 Bg7 4. e4 O-O 5. Nf3 d6 6. Be2 e5 7. Be3 Ng4 8. Bg5 f6 9. Bh4 Nc6 10. d5 Ne7 11. h3 Nh6 12. g4 f5 13. gxf5 gxf5 14. Ng5 fxe4 15. Ne6 Bxe6 16. dxe6 Nhf5 17. Bg5 e3 18. Bxe3 Nxe3 19. fxe3 Nf5 20. Qd3 Qh4+ 21. Kd2 Nxe3 22. Rhg1 Nf5 23. Rg4 Qh6+ 24. Ke1 Qxe6 25. Bf3 c6 26. Ne4 Nd4 27. Ng5 Nxf3+ 28. Qxf3 Qh6 29.
Qg3 Rf4 30. Ke2 Raf8 31. Rxf4 exf4 32. Qg4 Kh8 33. Rg1 Bd4 34. Nf7+ Rxf7 35. Qg8# 1-0

[Event "Early-Titled-Tuesday-Blitz-April-16-2024"]
[Site "Chess.com"]
[Date "2024.04.16"]
[Round "6"]
[White "masterofpuppets2"]
[Black "jodarmarlon1985"]
[Result "1-0"]
[WhiteElo "2463"]
[BlackElo "2284"]
[TimeControl "180+1"]
[EndTime "9:07:24 PDT"]
[Termination "masterofpuppets2 won by checkmate"]

1. d4 Nf6 2. c4 g6 3. h4 Bg7 4. Nc3 d5 5. h5 gxh5 6. cxd5 c6 7. dxc6 Nxc6 8. Nf3 Bf5 9. d5 Nb8 10. e4 Bg6 11. e5 Ng4 12. Qa4+ Nd7 13. e6 O-O 14. exd7 Qb6 15. Nd1 Qc5 16. Qc4 Qd6 17. Bf4 Qxd7 18. Be2 Rac8 19. Qb3 Bc2 20. Qb5 Qf5 21.
Be3 a6 22. Qxb7 Bd3 23. Bxd3 Qxd3 24. Qb3 Qe4 25. O-O Rfd8 26. Nc3 Qf5 27. Bd4 Bxd4 28. Nxd4 Qf4 29. Nf3 Rd6 30. Ne2 Qe4 31. Ng3 Qxd5 32.
Qxd5 Rxd5 33. Rfd1 Rxd1+ 34. Rxd1 Rc2 35. Nxh5 Rxb2 36.
Rd8# 1-0

[Event "Early-Titled-Tuesday-Blitz-April-16-2024"]
[Site "Chess.com"]
[Date "2024.04.16"]
[Round "6"]
[White "HansOnTwitch"]
[Black "Oleksandr_Bortnyk"]
[Result "1-0"]
[WhiteElo "3159"]
[BlackElo "3040"]
[TimeControl "180+1"]
[EndTime "9:07:26 PDT"]
[Termination "HansOnTwitch won by resignation"]

1. e4 Nf6 2. e5 Nd5 3. d4 d6 4. c4 Nb6 5. exd6 exd6 6. Nf3 Be7 7. h3 O-O 8. Bd3 Nc6 9. Nc3 Nb4 10. Bb1 Re8 11.
O-O Bf6 12. a3 Nc6 13. b3 g6 14.
Ne4 Bg7 15. Bg5 f6 16. Bh4 Bf5 17. Re1 Bxe4 18. Bxe4 d5 19. cxd5 Nxd5 20. Qc2 Nce7 21. Bg3 c6 22. Re2 Qd7 23. Rae1 Bh6 24. Bd3 Bf4 25.
Re6 Bxg3 26. fxg3 Kg7 27. Qe2 b5 28. Nh4 Rad8 29. Qg4 Nc7 30. Rxe7+ Rxe7 31. Rxe7+ Qxe7 32. Nf5+ Kf7 33. Nxe7 Kxe7 34. Qe4+ Kd7 35. Qf3 f5 36. g4 Ne6 37. gxf5 Nxd4 38. Qg4 Kc7 39. f6 c5 40. Qf4+ Kd7 41. Qe5 1-0

[Event "Early-Titled-Tuesday-Blitz-April-16-2024"]
[Site "Chess.com"]
[Date "2024.04.16"]
[Round "6"]
[White "Seochesspie"]
[Black "atalz0"]
[Result "1-0"]
[WhiteElo "2868"]
[BlackElo "2462"]
[TimeControl "180+1"]
[EndTime "9:07:26 PDT"]
[Termination "Seochesspie won by checkmate"]

1. Nf3 Nf6 2. c4 e6 3. g3 d5 4. Bg2 dxc4 5. Qa4+ Nbd7 6. Qxc4 c5 7. O-O a6 8. Qc2 b5 9. Ne5 Nd5 10. Nxd7 Qxd7 11.
a4 Bb7 12. axb5 axb5 13. Rxa8+ Bxa8 14. Nc3 Nxc3 15. dxc3 Bxg2 16. Kxg2 Be7 17. Rd1 Qc6+ 18.
f3 O-O 19. Be3 Rd8 20. Rxd8+ Bxd8 21. c4 b4 22. b3 h6 23. Qa2 Be7 24. Qa7 Bf8 25.
Qb8 h5 26. Qd8 g6 27. Bh6 Qd6 28. Qc8 e5 29. h4 f5 30. Bxf8 Qxf8 31. Qe6+ Kh7 32.
Qxe5 Kh6 33. Kf2 Kh7 34. Ke3 Kh6 35. Kf2 Kh7 36. Qd5 Qe7 37. Qd3 Qa7 38. Qe3 Qa2 39.
Qe7+ Kh6 40. Qf8+ Kh7 41. Qf7+ Kh6 42. Qg8 g5 43. hxg5# 1-0

[Event "Early-Titled-Tuesday-Blitz-April-16-2024"]
[Site "Chess.com"]
[Date "2024.04.16"]
[Round "6"]
[White "HamedWafa4"]
[Black "KubaGepard"]
[Result "1-0"]
[WhiteElo "2799"]
[BlackElo "2584"]
[TimeControl "180+1"]
[EndTime "9:07:28 PDT"]
[Termination "HamedWafa4 won by resignation"]

1. d4 d5 2. Nf3 Nf6 3. c3 c5 4. dxc5 e6 5. b4 a5 6. e3 axb4 7. cxb4 b6 8. a4 bxc5 9. b5 Bb7 10. Bd3 Nbd7 11. Bb2 Bd6 12. Nbd2 O-O 13. O-O h6 14. Re1 Ra7 15. e4 dxe4 16. Nxe4 Nxe4 17. Bxe4 Bxe4 18. Rxe4 Nf6 19. Bxf6 Qxf6 20. a5 Rfa8 21. a6 Rb8 22. Re1 Qd8 23. Rb1 Qb6 24. Nd2 Qc7 25. g3 c4 26. Ne4 Bf8 27. Qc2 Rb6 28. Rec1 Qb8 29. Qxc4 Raxa6 30. bxa6 Rxb1 31. Rxb1 Qxb1+ 32. Kg2 Qa1 33. h4 Kh7 34. Qd3 f5 35. Nd2 Bb4 36. Nf3 Qa2 37. Qb5 Bf8 38. Qb6 Qa3 39. Qxe6 g6 40. Qf7+ Bg7 41. a7 Qa6 42. h5 gxh5 43. Qxf5+ Kh8 44.
Qd7 Kh7 45. Qe7 h4 46. Qe4+ Kh8 47. a8=Q+ 1-0

[Event "Early-Titled-Tuesday-Blitz-April-16-2024"]
[Site "Chess.com"]
[Date "2024.04.16"]
[Round "6"]
[White "Martial2008"]
[Black "Msb2"]
[Result "0-1"]
[WhiteElo "2660"]
[BlackElo "3016"]
[TimeControl "180+1"]
[EndTime "9:07:30 PDT"]
[Termination "Msb2 won by checkmate"]

1. d4 d5 2. Nf3 e6 3. Bg5 Be7 4. Bxe7 Qxe7 5. Nbd2 Nf6 6. e3 O-O 7. Bd3 c5 8. c3 Nc6 9. O-O e5 10. dxe5 Nxe5 11. Nxe5 Qxe5 12. Qf3 Rd8 13. Rfe1 Bg4 14. Qg3 Qxg3 15. hxg3 Be6 16. Rad1 h6 17. a3 Rd7 18. Bc2 Rad8 19. Nf3 Rd6 20. Rd2 Ne4 21. Rdd1 Bg4 22.
Kf1 Ng5 23. Ke2 Rf6 24. Rd2 Bxf3+ 25. gxf3 Nxf3 26. Red1 Nxd2 27. Rxd2 Rfd6 28. f4 d4 29. cxd4 cxd4 30. e4 f6 31. Bd3 Rc6 32. Kf3 Kf7 33. Kg4 g6 34. f5 h5+ 35. Kh4 gxf5 36. exf5 Rg8 37. b3 Rg4+ 38. Kxh5 Rxg3 39. Bc4+ Ke7 40.
Rxd4 Rg5+ 41. Kh4 Rxf5 42. Kg4 Re5 43. Rd1 Rd6 44. Rh1 Rd4+ 45. Kf3 b5 46. Bf1 Kd6 47.
Rh7 Rd1 48. Be2 Rb1 49. Rxa7 Rxb3+ 50. Kf2 Rb2 51. Ra6+ Kc5 52. Rxf6 Rexe2+ 53. Kg3 Rg2+ 54. Kh4 Rh2+ 55. Kg3 Rbg2+ 56. Kf3 Rf2+ 57. Ke3 Rxf6 58. a4 Rh3+ 59. Ke4 bxa4 60. Ke5 Ra6 61. Ke4 Rb3 62. Ke5 Rc6 63. Ke4 Kb6 64. Kd4 Rbc3 65. Kd5 Kb7 66. Kd4 Kb8 67. Kd5 Kc8 68. Kd4 Kd8 69. Kd5 Ke8 70.
Ke5 Kf8 71. Ke4 Kg8 72. Kd4 Kh8 73. Kd5 Kh7 74. Ke5 Kh6 75. Ke4 Kh5 76. Kf4 Kh4 77.
Kf5 Kh3 78. Ke5 Kh2 79. Kd5 a3 80. Kd4 a2 81. Ke4 a1=Q 82. Ke5 Qa5+ 83. Kd4 Kg1 84. Ke4 Kf2 85. Kf4 Ke1 86. Ke4 Kd1 87. Kd4 Kc2 88. Ke4 Kb1 89. Kf4 Ka2 90. Kg4 Kb3 91. Kf4 Ka4 92. Ke4 Kb5 93. Kf4 Ka6 94. Kg4 Kb7 95. Kf4 Ka8 96. Ke4 R6c4# 0-1

[Event "Early-Titled-Tuesday-Blitz-April-16-2024"]
[Site "Chess.com"]
[Date "2024.04.16"]
[Round "6"]
[White "kacperkarwowski"]
[Black "Chessbard1972"]
[Result "0-1"]
[WhiteElo "2503"]
[BlackElo "2362"]
[TimeControl "180+1"]
[EndTime "9:07:30 PDT"]
[Termination "Chessbard1972 won by resignation"]

1. e4 c5 2. Nf3 a6 3. c3 d5 4.
exd5 Qxd5 5. d4 Nf6 6. Be3 cxd4 7. cxd4 Bg4 8. Be2 e6 9. Nc3 Qd6 10. O-O Nc6 11. Qb3 Qb4 12. Qc2 Be7 13. a3 Qd6 14. h3 Bh5 15. Rac1 O-O 16. Rfd1 Bg6 17. Qd2 Ne4 18. Nxe4 Bxe4 19. Bf4 Qd8 20. Qe3 Bd5 21. Ne5 Rc8 22. Bf3 Bf6 23. Nxc6 Rxc6 24. Be5 Bg5 25.
Bf4 Bxf4 26. Qxf4 Qd7 27. Rxc6 Bxc6 28. Bxc6 Qxc6 29. Rc1 Qd5 30. Rc5 Qb3 31. Qd2 Rd8 32. Qc3 Qd1+ 33. Kh2 Qa4 34. Rc8 Qd7 35. Rxd8+ Qxd8 36. Qb4 Qd7 37. f3 f6 38. Qc5 Kf7 39. Qb6 h5 40. a4 Qd5 41. b4 h4 42. b5 axb5 43.
axb5 Kg6 44. Kg1 Kf5 45. Kh1 Kf4 46. Qc7+ Ke3 47. Qxg7 Qxd4 48. Qh6+ Ke2 49. Qxh4 Qxh4 0-1

[Event "Early-Titled-Tuesday-Blitz-April-16-2024"]
[Site "Chess.com"]
[Date "2024.04.16"]
[Round "6"]
[White "Vesper2018"]
[Black "colegiodemadrid"]
[Result "1-0"]
[WhiteElo "2558"]
[BlackElo "2525"]
[TimeControl "180+1"]
[EndTime "9:07:31 PDT"]
[Termination "Vesper2018 won by resignation"]

1. e4 c5 2. Nc3 e6 3. Nge2 d6 4. d4 cxd4 5. Nxd4 Nf6 6. g4 h6 7.
Be3 Nc6 8. Rg1 a6 9. h4 d5 10. exd5 Nxd5 11. Nxc6 bxc6 12. Nxd5 cxd5 13. h5 Rb8 14.
Bd4 Qg5 15. Bd3 e5 16. Qe2 Bd6 17. Be3 Qf6 18. c3 Qe7 19. Bxa6 Bxa6 20. Qxa6 O-O 21. Qe2 Qb7 22. b3 Rfe8 23. g5 d4 24. Bd2 dxc3 25. Bxc3 Bb4 26. Bxb4 Qxb4+ 27. Kf1 hxg5 28. Rxg5 Qc3 29.
Re1 Qh3+ 30. Kg1 Rb4 31. Rg3 Qh4 32. Kg2 Rf4 33. Rh1 Qf6 34. h6 g6 35. Rc1 Kh7 36. Rc7 Kxh6 37. Rf3 Kg7 38. Rxf4 Qxf4 39. Qf3 Qg5+ 40.
Kf1 Re7 41. Rxe7 Qxe7 42. a4 Qb4 43. Qe3 e4 44. Ke2 f5 45. Kd1 f4 46. Qh3 f3 47. Qd7+ Kh6 48. Qd2+ Qxd2+ 49. Kxd2 Kg5 50. a5 Kf5 51. a6 1-0

[Event "Early-Titled-Tuesday-Blitz-April-16-2024"]
[Site "Chess.com"]
[Date "2024.04.16"]
[Round "6"]
[White "Orest_Vovk"]
[Black "IPAchess"]
[Result "0-1"]
[WhiteElo "2552"]
[BlackElo "2377"]
[TimeControl "180+1"]
[EndTime "9:07:32 PDT"]
[Termination "IPAchess won by resignation"]

1. g4 d5 2. h3 e5 3. Bg2 Nc6 4.
c4 d4 5. Bxc6+ bxc6 6. d3 c5 7. Nf3 Bb7 8. Nbd2 Bd6 9. Qa4+ Qd7 10. Qa5 Ne7 11. b4 Bxf3 12. Nxf3 Nc6 13. Qa4 Nxb4 14. Qxd7+ Kxd7 15. Kd1 Rhe8 16. Ng5 f6 17. Ne4 Be7 18.
a3 Nc6 19. Kc2 g6 20. Bd2 f5 21. Ng3 Rf8 22. gxf5 gxf5 23. Rab1 Nd8 24. f4 exf4 25.
Bxf4 Ne6 26. Nh5 Rg8 27. Rb7 Rg2 28. Kd1 Kc6 29. Rb2 Rag8 30. Be5 Bg5 31. Ng3 Rf8 32. Rf1 f4 33. Ne4 f3 34. Ng3 Bh4 35. Rd2 Bxg3 36. Bxg3 fxe2+ 0-1

[Event "Early-Titled-Tuesday-Blitz-April-16-2024"]
[Site "Chess.com"]
[Date "2024.04.16"]
[Round "6"]
[White "Kildepiotr"]
[Black "GMAneta"]
[Result "1-0"]
[WhiteElo "2707"]
[BlackElo "2551"]
[TimeControl "180+1"]
[EndTime "9:07:34 PDT"]
[Termination "Kildepiotr won by resignation"]

1. e4 c5 2. Nf3 Nc6 3. Bb5 Qc7 4. c3 a6 5. Ba4 Nf6 6. Qe2 b5 7. Bc2 Bb7 8. O-O Rc8 9. d3 e6 10. Bg5 Be7 11. Bh4 O-O 12. a4 d6 13.
Nbd2 Nh5 14. Bg3 Nxg3 15. hxg3 d5 16. exd5 exd5 17. axb5 axb5 18. Nh4 Bf6 19. Nf5 Rfe8 20. Qg4 Ne5 21. Qh3 d4 22. Rfe1 dxc3 23. bxc3 Rcd8 24.
d4 Ng6 25. Rxe8+ Rxe8 26. Bd3 cxd4 27. cxd4 Qc3 28. Ra7 Bc8 29. Bxb5 Qxd2 30. Bxe8 Qe1+ 31. Kh2 Qxe8 32. Ra8 Qf8 33. Rxc8 Qxc8 34. Nh6+ gxh6 35. Qxc8+ 1-0

[Event "Early-Titled-Tuesday-Blitz-April-16-2024"]
[Site "Chess.com"]
[Date "2024.04.16"]
[Round "6"]
[White "vasblesk"]
[Black "LiemLe"]
[Result "0-1"]
[WhiteElo "2821"]
[BlackElo "3044"]
[TimeControl "180+1"]
[EndTime "9:07:35 PDT"]
[Termination "LiemLe won by resignation"]

1. d4 Nf6 2. c4 g6 3. Nf3 Bg7 4.
g3 d5 5. cxd5 Nxd5 6. Bg2 Nb6 7.
O-O Nc6 8. e3 O-O 9. Nc3 Re8 10.
h3 a5 11. d5 Nb4 12. e4 c6 13. a3 Na6 14. dxc6 bxc6 15. e5 Qc7 16. Bf4 Qb7 17. Nd4 Nd5 18. Nxc6 Nxf4 19. gxf4 Qxb2 20. Nxe7+ Rxe7 21. Bxa8 Bxh3 22. Qd8+ Bf8 23. Nd5 Ra7 24. Rfe1 Nc5 25.
Nf6+ Kg7 26. Bd5 Nd3 27. Ne8+ Kh8 28. Rf1 Be7 29. Rab1 Qxb1 30. Rxb1 Bxd8 31. Rb8 Be7 32. Nf6+ Kg7 33. Rg8+ Kh6 34. Ne4 Nxf4 35. Bxf7 Bxa3 36. Bc4 Rc7 37. Bf1 Rc1 38. Ng3 Bxf1 39. Nxf1 0-1

[Event "Early-Titled-Tuesday-Blitz-April-16-2024"]
[Site "Chess.com"]
[Date "2024.04.16"]
[Round "6"]
[White "stolencandy13"]
[Black "mr_gustavo"]
[Result "1/2-1/2"]
[WhiteElo "2561"]
[BlackElo "2704"]
[TimeControl "180+1"]
[EndTime "9:07:35 PDT"]
[Termination "Game drawn by repetition"]

1. d4 Nf6 2. Bf4 b6 3. Nc3 Bb7 4. Nf3 g6 5. Qd2 Bg7 6. O-O-O O-O 7. h4 h5 8. e3 d6 9. Ng5 Nbd7 10. f3 e5 11. Bg3 Qe7 12. Bc4 Rad8 13. Qd3 d5 14. Bb3 c5 15. dxc5 Nxc5 16. Qe2 a5 17. Kb1 Bc6 18. e4 d4 19. Nd5 Nxd5 20. exd5 Bxd5 21.
Bxd5 Rxd5 22. Rhe1 a4 23. Qc4 Qd7 24. a3 Rc8 25. f4 Ne4 26. Qd3 Nxg5 27. hxg5 exf4 28.
Bxf4 Qf5 29. Re4 Rdc5 30. Rd2 b5 31. g3 Rc4 32. Rde2 Kh7 33. Re7 Qd5 34. Be5 b4 35.
Bxg7 Kxg7 36. R2e5 Qh1+ 37. Re1 Qc6 38. Qf1 Rf8 39. R1e6 Qc8 40. Qf6+ Kg8 41. Qxg6+ fxg6 42. Rxg6+ Kh8 43. Rh6+ Kg8 44. Rg6+ Kh8 45. Rh6+ Kg8 46. Rg6+ 1/2-1/2

[Event "Early-Titled-Tuesday-Blitz-April-16-2024"]
[Site "Chess.com"]
[Date "2024.04.16"]
[Round "6"]
[White "TenisMaster"]
[Black "IM_ArthurDW08"]
[Result "0-1"]
[WhiteElo "2918"]
[BlackElo "2758"]
[TimeControl "180+1"]
[EndTime "9:07:36 PDT"]
[Termination "IM_ArthurDW08 won by checkmate"]

1. e4 c5 2. Nf3 d6 3. d4 cxd4 4. Nxd4 Nf6 5. Nc3 Bd7 6. f3 e5 7.
Nb3 Be7 8. Be3 O-O 9. Qd2 a5 10.
a4 Be6 11. O-O-O Na6 12. g4 Nb4 13. g5 Nd7 14. Bb5 Nb6 15. f4 exf4 16. Bxf4 Rc8 17. Nd4 d5 18. Qg2 Bd6 19. Nxe6 fxe6 20. Bxd6 Qxd6 21. exd5 Rxc3 22. bxc3 Na2+ 23. Kb2 Nxc3 24. Kxc3 Qb4+ 25. Kd3 Nxd5 26. Qe4 Qc3+ 27. Ke2 Nf4+ 28.
Kf2 Nh3+ 29. Ke2 Rf2# 0-1

[Event "Early-Titled-Tuesday-Blitz-April-16-2024"]
[Site "Chess.com"]
[Date "2024.04.16"]
[Round "6"]
[White "Tagir45"]
[Black "NiranjanNavalgund"]
[Result "1-0"]
[WhiteElo "2636"]
[BlackElo "2507"]
[TimeControl "180+1"]
[EndTime "9:07:36 PDT"]
[Termination "Tagir45 won by checkmate"]

1. d4 d6 2. Nf3 Bg4 3. c4 Bxf3 4.
exf3 Nd7 5. Nc3 e5 6. Be3 exd4 7.
Bxd4 Ngf6 8. Bd3 Be7 9. Qc2 O-O 10. O-O-O a6 11. g4 b5 12. g5 Nh5 13. Bxh7+ Kh8 14.
h4 bxc4 15. Bg6 Nf4 16. Bf5 c5 17. Be3 Ne6 18. f4 Nb6 19. h5 d5 20. h6 d4 21. hxg7+ Kxg7 22. Rh7+ Kg8 23. Rdh1 Nxg5 24. fxg5 Bxg5 25. Rh8+ Kg7 26. R1h7+ Kf6 27. Bxg5+ Kxg5 28. Rh5+ Kf6 29. R8h6+ Kg7 30. Qe2 Rg8 31. Rh7+ Kf8 32. Be6 Ra7 33. Qf3 Qe8 34. Bxf7 Rxf7 35. Rxf7+ Qxf7 36. Rf5 Rg7 37. Ne4 c3 38. bxc3 d3 39.
Rxf7+ Rxf7 40. Qxd3 c4 41. Qd6+ Kg7 42. Qxb6 Re7 43.
Qd4+ Kg8 44. Qxc4+ Kh8 45. Qd4+ Kg8 46. f4 a5 47. f5 a4 48. f6 Rf7 49. Qd8+ Kh7 50.
Qe8 Rc7 51. Qe7+ Kh8 52. Qxc7 a3 53. Qg7# 1-0